 Dungeon Crawl Stone Soup version 0.31-a0-229-g1fc7ce93e2 (webtiles) character file.

Game seed: 18196717168817209476

353 Nietzsche the Cudgeller (level 6, -3/36 (47) HPs)
             Began as a Demonspawn Reaver on July 6, 2023.
             Slain by a black bear (7 damage)
             ... on level 4 of the Dungeon.
             The game lasted 00:09:28 (2997 turns).

Nietzsche the Cudgeller (Demonspawn Reaver)         Turns: 2997, Time: 00:09:28

HP:   -3/36 (47)    AC:  8    Str: 16    XL:     6   Next: 35%
MP:   9/9           EV:  8    Int: 16    God:
Gold: 70            SH:  0    Dex: 14    Spells: 8/9 levels left

rFire   . . .        a - +0 mace
rCold   + . .        (no shield)
rNeg    . . .        l - +0 chain mail of Hett {rC+ Str+3 Dex+3}
rPois   .            (helmet restricted)
rElec   .            (no cloak)
rCorr   .            (no gloves)
SInv    .            (no boots)
Will    .....        n - amulet of regeneration Stlth
                     (no ring)
HPRegen 1.06/turn    (no ring)
MPRegen 0.11/turn

%: no passive effects
@: heavily drained
A: horns 2, spiny 1
a: no special abilities


You were on level 4 of the Dungeon.
You visited 1 branch of the dungeon, and saw 4 of its levels.

You collected 70 gold pieces.

Inventory:

Hand Weapons
 a - a +0 mace (weapon)
Armour
 b - a +0 leather armour
 l - the +0 chain mail of Hett (worn) {rC+ Str+3 Dex+3}
   (You found it on level 2 of the Dungeon)

   Str:       It affects your strength (+3).
   Dex:       It affects your dexterity (+3).
   rC:        It protects you from cold.
 v - a +2 tower shield
Magical Staves
 t - a staff of poison
Jewellery
 n - an amulet of regeneration (around neck)
 o - a ring of flight
Wands
 m - a wand of digging (1)
 q - a wand of flame (21)
Scrolls
 e - a scroll of revelation {unknown}
 f - 2 scrolls of enchant weapon {unknown}
 g - a scroll of noise {unknown}
 i - 2 scrolls of identify {unknown}
 j - 3 scrolls of vulnerability {unknown}
 k - a scroll of fog {unknown}
 p - 2 scrolls of teleportation {unknown}
 u - a scroll of blinking {unknown}
Potions
 c - 6 potions of curing {unknown}
 d - a potion of haste {unknown}
 h - 2 potions of mutation {unknown}
 r - a potion of ambrosia {unknown}
 s - a potion of might {unknown}


   Skills:
 + Level 3.0 Fighting
 + Level 4.7 Maces & Flails
 + Level 2.0 Armour
 + Level 2.2 Dodging
 + Level 2.3 Spellcasting
 + Level 3.8 Conjurations
 + Level 0.6 Necromancy


You had 8 spell levels left.
You knew the following spells:

 Your Spells              Type           Power      Damage    Failure   Level
a - Kiss of Death         Conj/Necr      36%        2d8       71%         1

Your spell library contained the following spells:

 Spells                   Type           Power      Damage    Failure   Level
 Foxfire                  Conj/Fire      32%        2x1d5     75%         1
 Shock                    Conj/Air       32%        1d5       75%         1
 Momentum Strike          Conj/Tloc      16%        3d8       86%         2
 Sting                    Tmut/Pois      4%         1d3       94%         1
 Poisonous Vapours        Pois/Air       2%         N/A       98%         2
 Hailstorm                Conj/Ice       8%         3d4       98%         3
 Stone Arrow              Conj/Erth      16%        3d8       98%         3
 Ozocubu's Armour         Ice            1%         N/A       100%        3
 Olgreb's Toxic Radiance  Pois           1%         N/A       100%        4
 Starburst                Conj/Fire      4%         6d3       100%        6
 Ozocubu's Refrigeration  Ice            0%         4d7       100%        7
 Fire Storm               Conj/Fire      4%         8d1       100%        9


Dungeon Overview and Level Annotations

Branches:
Dungeon (4/15)
 Temple: D:4-7

Altars:
Makhleb
Nemelex Xobeh

Portals:
Ossuary: D:4

Annotations:
D:4 Blork the orc


Innate Abilities, Weirdness & Mutations

You have a pair of horns on your head.
You are partially covered in sharp spines.


Message History

Found a sand-covered staircase.
Blork the orc comes into view.
He is wielding a +0 trident.
Blork the orc shouts!
Blork the orc screams, "I'll drink your blood!
Soon!"
A black bear comes into view.
The black bear growls angrily.
Blork the orc screams, "I'm going to kill you!"
Blork the orc hits you with a +0 trident.
You barely miss Blork the orc.
Blork the orc screams, "You are the ugliest creature I've ever seen!"
Blork the orc looks encouraged for a moment.
You hit Blork the orc.
Blork the orc is lightly wounded.
Blork the orc casts a spell at you. The puff of frost misses you.
The black bear bites you!
The black bear claws you but does no damage.
The black bear claws you.
You closely miss Blork the orc.
Blork the orc is lightly wounded.
The black bear is struck by your spines.
The black bear bites you but does no damage.
The black bear claws you.
The black bear claws you but does no damage.
Blork the orc mumbles some strange words.
Blork the orc seems to speed up.
You hit Blork the orc.
Blork the orc is moderately wounded.
Blork the orc is struck by your spines.
Blork the orc hits you with a +0 trident.
The black bear is struck by your spines.
The black bear bites you. The black bear barely misses you.
The black bear claws you.
Blork the orc hits you with a +0 trident!
* * * LOW HITPOINT WARNING * * *
The black bear bites you but does no damage.
The black bear claws you but does no damage. x2
The black bear attacks as you move away!
The black bear is struck by your spines.
The black bear bites you!
You die...

.. .# # .####
##+######## # ....#
##...#..8..# # .##.#
##..........# # .##.##
##......8o∩.8##.
.#...####.......@h......
####
........'.........8.....
....
.#...####.........###...
### .##.## ##.......## .
.#### ##.....## .#
##...## .##### ##+##
..##.## ......# .#


You could see Blork the orc (fast) and a black bear.

Vanquished Creatures
  A crimson imp (D:4)
  Ijyb (D:3)
  2 sleepcaps (D:4)
  An iguana (D:4)
  Robin (D:3)
  6 adders
  3 gnolls (D:4)
  A white imp (D:4)
  An ufetubus (D:4)
  2 worms
  A dart slug (D:2)
  An orc (D:3)
  8 ball pythons
  7 endoplasms
  3 giant cockroaches (D:2)
  22 goblins
  11 hobgoblins
  4 jackals (D:3)
  6 quokkas
  4 bats (D:3)
  6 frilled lizards
  6 kobolds
98 creatures vanquished.

Notes
Turn   | Place    | Note
-------+----------+-------------------------------------------
     0 | D:1      | Nietzsche the Demonspawn Reaver began the quest for the
                  | Orb.
     0 | D:1      | Reached XP level 1. HP: 16/16 MP: 3/3
   111 | D:1      | Reached skill level 3 in Maces & Flails
   251 | D:1      | Gained mutation: You are partially covered in sharp spines.
                  | [demonic ancestry]
   251 | D:1      | Reached XP level 2. HP: 21/22 MP: 5/5
  1151 | D:2      | Gained mutation: You have a pair of small horns on your
                  | head. [demonic ancestry]
  1151 | D:2      | Reached XP level 3. HP: 24/25 MP: 6/6
  1231 | D:2      | Found a faded altar of an unknown god.
  1252 | D:2      | Identified the +0 chain mail of Hett {rC+ Str+3 Dex+3}
  1363 | D:2      | Got Sif Muna's Volume of Burning and Fulmination
  1510 | D:2      | Gained mutation: You have a pair of horns on your head.
                  | [demonic ancestry]
  1510 | D:2      | Reached XP level 4. HP: 28/29 MP: 4/7
  1513 | D:2      | Reached skill level 1 in Armour
  1832 | D:3      | Noticed Ijyb
  1846 | D:3      | Killed Ijyb
  1847 | D:3      | Reached skill level 4 in Maces & Flails
  2032 | D:3      | Reached XP level 5. HP: 31/36 MP: 8/8
  2253 | D:3      | Noticed Robin
  2283 | D:3      | Killed Robin
  2562 | D:4      | Reached XP level 6. HP: 43/46 MP: 9/9
  2875 | D:4      | Found a sparkling altar of Nemelex Xobeh.
  2878 | D:4      | Found a burning altar of Makhleb.
  2987 | D:4      | Found a sand-covered staircase.
  2989 | D:4      | Noticed Blork the orc
  2997 | D:4      | Slain by a black bear

Illustrated notes

Levels and vault maps discovered:
D:1:      minmay_arrival_nine_rooms, layout_loops_corners, corexii_corridor_pit,
          hex_large, minmay_crystal_room
D:2:      layout_basic, basic_ecumenical_altar, minmay_quadrilaterals
D:3:      layout_rooms, uniq_ijyb, uniq_robin
D:4:      layout_loops_corners, nicolae_overflow_squiral,
          nicolae_ossuary_entry_monument, minmay_fire_ice_demons,
          uniq_blork_the_orc

Skill      XL: |  1  2  3  4  5  6 |
---------------+-------------------+-----
Maces & Flails | 3 4 |  4.7
Dodging        | 2 |  2.2
Armour         | 1 2 |  2.0
Fighting       | 3 |  3.0
Spellcasting   | |  2.3
Conjurations   | |  3.8
Necromancy     | |  0.6

Action                     |  1- 3 |  4- 6 || total
---------------------------+-------+-------++-------
  Melee: Mace              |    58 |   107 ||   165
         Headbutt          |     6 |    27 ||    33
         Punch             |       |     3 ||     3
   Cast: Kiss of Death     |     2 |     4 ||     6
 Armour: Leather armour    |    10 |       ||    10
         Chain mail        |     7 |    67 ||    74
  Dodge: Dodged            |    37 |    65 ||   102

Table legend: (Time is in decaauts)
 A = Elapsed time spent in this place.
 B = Non-inter-level travel time spent in this place.
 C = Inter-level travel time spent in this place.
 D = Time resting spent in this place.
 E = Time spent auto-exploring this place.
 F = Levels seen in this place.
 G = Mean time per level.
                   A        B        C        D        E       F      G
               +--------+--------+--------+--------+--------+-----+--------+
         Total |   3033 |   2979 |     54 |      0 |   2289 |   4 |  758.2 |
       Dungeon |   3033 |   2979 |     54 |      0 |   2289 |   4 |  758.2 |
               +--------+--------+--------+--------+--------+-----+--------+

Top non-repeatable levels by time:
     D:1: 1031 daAuts
     D:2: 802 daAuts
     D:3: 651 daAuts
     D:4: 547 daAuts
